 Dungeon Crawl Stone Soup version 0.30.0 (webtiles) character file.

Game seed: 5059187570418651384

3941 MarshyFox the Destroyer (level 10, -7/63 HPs)
             Began as a Human Conjurer on Nov 27, 2023.
             Was an Initiate of Ashenzari.
             Shot with a sling bullet by Joseph (13 damage)
             ... on level 8 of the Dungeon.
             The game lasted 01:03:48 (11607 turns).

MarshyFox the Destroyer (Human Conjurer)           Turns: 11607, Time: 01:03:49

Health: -7/63      AC:  6    Str:  7    XL:     10   Next: 44%
Magic:  13/21      EV: 12    Int: 23    God:    Ashenzari [......]
Gold:   447        SH:  0    Dex: 12    Spells: 9/23 levels left

rFire   + . .        w - staff of conjuration
rCold   . . .        (no shield)
rNeg    . . .        p - +2 robe {rC+}
rPois   .            C - +0 helmet
rElec   .            j - +0 cloak "Enlightened Ennui" {Comp, Self} (curse)
rCorr   .            (no gloves)
SInv    .            (no boots)
Will    .....        (no amulet)
Stlth   +++          o - ring of fire
HPRegen 0.30/turn    (no ring)
MPRegen 0.17/turn

%: no passive effects
@: hasted, very quick
A: no striking features
a: Renounce Religion, Shatter the Chains


You were on level 8 of the Dungeon.
You worshipped Ashenzari.
Ashenzari was noncommittal.
You visited 1 branch of the dungeon, and saw 8 of its levels.

You collected 447 gold pieces.

Inventory:

Hand Weapons
 i - a +0 mace
 z - a +0 scythe
Armour
 a - a +0 robe
 j - the cursed +0 cloak "Enlightened Ennui" (worn) {Comp, Self}
   (You found it on level 1 of the Dungeon)

   It has a curse which improves the following skills: Companions: Summonings
   and Necromancy.
   Introspection: Fighting and Spellcasting.
 k - a +0 robe
 p - a +2 robe of cold resistance (worn)
 C - a +0 helmet (worn)
 D - the +0 leather armour of the Sun {Rampage Str-2 Dex-3 Slay+5}
   (You found it on level 6 of the Dungeon)

   Str:       It affects your strength (-2).
   Dex:       It affects your dexterity (-3).
   Slay:      It affects your accuracy & damage with ranged weapons and melee
   (+5).
   Rampage:   It bestows one free step when moving towards enemies.
Magical Staves
 w - a staff of conjuration (weapon)
Jewellery
 o - a ring of fire (left hand)
Wands
 b - a wand of paralysis (3)
 B - a wand of acid (7)
Scrolls
 d - a scroll of acquirement {unknown}
 e - 4 scrolls of identify
 g - 3 scrolls of enchant armour
 q - a scroll of vulnerability {unknown}
 r - a scroll of immolation {unknown}
 s - a scroll of summoning {unknown}
 v - 4 scrolls of magic mapping {unknown}
 x - a scroll of fear {unknown}
 A - 2 scrolls of poison {unknown}
Potions
 f - a potion of degeneration {unknown}
 m - a potion of invisibility {unknown}
 n - 2 potions of resistance
 t - a potion of might {unknown}
 u - a potion of cancellation


   Skills:
 + Level 6.6 Staves
 - Level 2.1 Dodging
 + Level 5.1 Stealth
 + Level 7.0(7.4) Spellcasting
 + Level 10.3 Conjurations


You had 9 spell levels left.
You knew the following spells:

 Your Spells              Type           Power      Damage    Failure   Level
a - Magic Dart            Conj           100%       1d8       1%          1
b - Searing Ray           Conj           100%       2d8       1%          2
c - Momentum Strike       Conj/Tloc      96%        3d10      1%          2
d - Dazzling Flash        Conj/Hex       96%        N/A       2%          3
e - Blink                 Tloc           16%        N/A       11%         2
f - Flame Wave            Conj/Fire      64%        2d15      9%          4

Your spell library contained the following spells:

 Spells                   Type           Power      Damage    Failure   Level
 Fulminant Prism          Conj/Hex       24%        3d12      9%          4
 Iskenderun's Mystic Bla  Conj/Tloc      48%        2d11      9%          4
 Sticky Flame             Conj/Fire      64%        2d8       9%          4
 Cigotuvi's Dreadful Rot  Necr/Pois/Air  16%        N/A       11%         2
 Ensorcelled Hibernation  Hex/Ice        16%        N/A       11%         2
 Lesser Beckoning         Tloc           16%        N/A       11%         2
 Sublimation of Blood     Necr           8%         N/A       11%         2
 Wereblood                Tmut           8%         N/A       11%         2
 Ignite Poison            Fire/Tmut/Pois 12%        N/A       22%         3
 Inner Flame              Hex/Fire       12%        N/A       22%         3
 Spider Form              Tmut/Pois      8%         N/A       22%         3
 Vhi's Electric Charge    Tloc/Air       16%        N/A       22%         3
 Arcjolt                  Conj/Air       24%        1d34      24%         5
 Freezing Cloud           Conj/Ice/Air   18%        6-21      45%         5
 Anguish                  Hex/Necr       4%         N/A       58%         4
 Animate Dead             Necr           8%         N/A       58%         4
 Borgnjor's Vile Clutch   Necr/Erth      4%         N/A       90%         5
 Death Channel            Necr           4%         N/A       100%        6
 Plasma Beam              Fire/Air       6%         2x1d18    100%        6
 Summon Hydra             Summ           4%         N/A       100%        7


Dungeon Overview and Level Annotations

Branches:
Dungeon (8/15)             Temple (0/1) D:7
   Lair: D:8-11

Altars:
Ashenzari
Nemelex Xobeh
Qazlal
Trog
Uskayaw
Wu Jian
Yredelemnul

Annotations:
D:6 3 runed translucent doors, meddlr's ghost, novice DrCj
D:7 exclusions: vampire and 1 more exclusion
D:8 Joseph


Message History

Joseph shoots a sling bullet.
The sling bullet hits you!
Casting: Dazzling Flash (dangerous; 2% risk of failure)
Press: ? - help, Q - select action, (/) - cycle Dir - look around, f - activate You feel a surge of power!
Joseph is dazzled.
Joseph shoots a sling bullet.
The sling bullet hits you!
You cannot move.
Aiming: Searing Ray (safe; 1% risk of failure)
Press: ? - help, Q - select action, (/) - cycle Shift-Dir - straight line, f - Joseph
Aim: Joseph, wielding a +0 sling and wearing a +0 leather armour (lightly wounded, blind, 83% to hit)
You feel a surge of power!
The searing ray hits Joseph.
Joseph is lightly wounded. (Press . to maintain the ray.) Joseph shoots a sling bullet.
The sling bullet hits you.
You cannot move.
Restarting spell: Searing Ray (safe; 1% risk of failure)
Press: ? - help, Q - select action, (/) - cycle Shift-Dir - straight line, f/p - Joseph
Aim: Joseph, wielding a +0 sling and wearing a +0 leather armour (lightly wounded, blind, 83% to hit)
You feel a surge of power!
The searing ray hits Joseph!
Joseph is moderately wounded. (Press . to maintain the ray.) Joseph shoots a sling bullet.
The sling bullet hits you!!
* * * LOW HITPOINT WARNING * * *
You cannot move.
You feel better.
Joseph shoots a sling bullet.
The sling bullet completely misses you.
You cannot move.
You cannot move.
You cannot move.
You cannot move.
You feel better.
Joseph is no longer blind.
Joseph shoots a sling bullet.
The sling bullet misses you.
You cannot move.
You feel yourself speed up.
You are no longer robbed of momentum.
Joseph shoots a sling bullet.
The sling bullet barely misses you.
Joseph shoots a sling bullet.
The sling bullet closely misses you.
Joseph shoots a sling bullet.
The sling bullet hits you!!
* * * LOW HITPOINT WARNING * * *
Joseph shoots a sling bullet.
The sling bullet hits you!
You die...

.............#...#
#...........@...#
#...........#...#
#...........#@..+
#...........###+#
#................
#................
#.................
#....@............
#.<...............
#...........######
#...........#
#...........#
#...........#
#...........#
#...........#
##########


You could see Joseph.

Vanquished Creatures
  Sigmund (D:4)
  A steam dragon (D:7)
  Menkaure (D:4)
  4 ice beasts
  4 water moccasins
  3 sky beasts
  An orc warrior (D:6)
  3 ogres
  A hornet zombie (D:5)
  2 black bears (D:7)
  2 centaurs (D:6)
  A phantom (D:6)
  A necrophage (D:5)
  2 bullfrogs
  3 scorpions
  6 killer bees (D:5)
  2 howler monkeys (D:6)
  3 hounds
  A jelly (D:7)
  2 orc priests (D:6)
  A human zombie (D:5)
  2 gnoll boudas (D:5)
  A sleepcap (D:7)
  4 iguanas
  2 scorpion zombies (D:5)
  4 orc wizards
  A killer bee zombie (D:5)
  2 hound zombies (D:5)
  4 mummies (D:5)
  12 gnolls
  5 adders
  A shadow imp (D:5)
  A worm (D:5)
  5 dart slugs
  25 orcs
  4 ball pythons
  6 bats
  4 endoplasms
  3 giant cockroaches
  4 hobgoblins
  4 jackals (D:2)
  2 quokkas
  3 frilled lizards
  5 goblins
  6 kobolds
  A rat (D:3)
156 creatures vanquished.

Notes
Turn   | Place    | Note
-------+----------+-------------------------------------------
     0 | D:1      | MarshyFox the Human Conjurer began the quest for the Orb.
     0 | D:1      | Reached XP level 1. HP: 13/13 MP: 3/3
   269 | D:1      | Reached XP level 2. HP: 19/19 MP: 1/5
  1331 | D:2      | Reached XP level 3. HP: 24/24 MP: 0/6
  2294 | D:3      | Learned a level 2 spell: Searing Ray
  2297 | D:3      | Learned a level 2 spell: Momentum Strike
  2441 | D:3      | Found a hide-covered altar of Uskayaw.
  2555 | D:3      | Reached XP level 4. HP: 30/30 MP: 4/7
  2777 | D:3      | Reached skill level 5 in Conjurations
  2988 | D:3      | Reached XP level 5. HP: 35/35 MP: 5/9
  3460 | D:3      | Found a faded altar of an unknown god.
  3493 | D:3      | Found an ornate altar of the Wu Jian Council.
  3669 | D:4      | Learned a level 3 spell: Dazzling Flash
  3824 | D:4      | Noticed Menkaure
  3826 | D:4      | Killed Menkaure
  3827 | D:4      | Reached skill level 1 in Staves
  3827 | D:4      | Reached skill level 6 in Conjurations
  3827 | D:4      | Reached XP level 6. HP: 23/41 MP: 5/11
  4058 | D:4      | Noticed Sigmund
  4089 | D:5      | Entered Level 5 of the Dungeon
  4334 | D:4      | Killed Sigmund
  4335 | D:4      | Reached XP level 7. HP: 46/46 MP: 5/12
  4788 | D:4      | Reached skill level 7 in Conjurations
  5265 | D:5      | Reached XP level 8. HP: 46/52 MP: 0/14
  5518 | D:5      | Learned a level 2 spell: Blink
  5787 | D:5      | Reached skill level 8 in Conjurations
  5803 | D:5      | Reached skill level 5 in Spellcasting
  6279 | D:5      | Found a broken altar of Ashenzari.
  6284 | D:5      | Reached XP level 9. HP: 57/57 MP: 10/16
  6556 | D:5      | Reached skill level 9 in Conjurations
  6698 | D:5      | Found a basalt altar of Yredelemnul.
  7229 | D:5      | Became a worshipper of Ashenzari the Shackled
  7267 | D:6      | Found a runed translucent gate.
  7271 | D:6      | Reached skill level 5 in Staves
  7302 | D:6      | Found a runed translucent gate.
  7308 | D:6      | Identified the +0 leather armour of the Sun {Rampage Str-2
                  | Dex-3 Slay+5}
  7336 | D:6      | Found a bloodstained altar of Trog.
  7382 | D:6      | Found a runed translucent gate.
  7384 | D:6      | Identified the +1 chain mail "Trusted Companion" {Will-
                  | rCorr Dex+3}
  7385 | D:6      | Noticed meddlr's ghost (novice DrCj)
  7892 | D:6      | Found a stormy altar of Qazlal.
  8315 | D:6      | Found a sparkling altar of Nemelex Xobeh.
  8976 | D:6      | Learned a level 4 spell: Flame Wave
  9041 | D:7      | Reached XP level 10. HP: 45/63 MP: 6/19
 10500 | D:7      | Reached skill level 10 in Conjurations
 10895 | D:7      | Reached skill level 5 in Stealth
 11255 | D:7      | Found a staircase to the Ecumenical Temple.
 11592 | D:8      | Noticed Joseph
 11607 | D:8      | Shot with a sling bullet by Joseph

Illustrated notes

Levels and vault maps discovered:
D:1:      dpeg_arrival_signposts, layout_loops_corners
D:2:      layout_basic, minmay_strange_pillars, ebering_dispersal_statue_hall,
          minmay_liquid_box, guppyfry_early_lair_pool
D:3:      layout_loops_ring, pdpol_wu_jian_five_deadly_venoms,
          amcnicky_altar_gilded, nicolae_ecumenical_lake_church, st_stairs_13
D:4:      layout_loops_ring, uniq_sigmund, uniq_menkaure
D:5:      layout_rooms, lemuel_mausoleum_altar_yredelemnul, ashenzari_altar_1
D:6:      layout_basic, nicolae_qazlal_style_of_elements,
          lightli_temple_of_fire, nemelex_diamond_rough_becter,
          biasface_ghost_orc_armoury
D:7:      minmay_bubble_buster, layout_loops_ring,
          minmay_temple_entry_statues_pillars, enter_bailey_5
D:8:      layout_gridville, mainiacjoe_overflow_alcove_1, serial_shops, shop,
          serial_bayou_lake_a, uniq_psyche, uniq_joseph

Skill      XL: |  1  2  3  4  5  6  7  8  9 10 |
---------------+-------------------------------+-----
Conjurations   | 5 6 7 8 9 10 | 10.3
Spellcasting   | 3 4 5 6 7 |  7.0
Staves         | 1 2 3 4 5 6 |  6.6
Stealth        | 3 5 |  5.1
Dodging        | |  2.1

Action                     |  1- 3 |  4- 6 |  7- 9 | 10-12 || total
---------------------------+-------+-------+-------+-------++-------
  Melee: Mace              |     3 |     5 |       |       ||     8
         Staff             |       |       |    40 |    19 ||    59
         Punch             |       |       |     1 |       ||     1
  Throw: Throwing net      |       |       |     2 |       ||     2
   Cast: Magic Dart        |    55 |    50 |   125 |    25 ||   255
         Momentum Strike   |     3 |     6 |    27 |     7 ||    43
         Searing Ray       |       |     7 |    72 |    60 ||   139
         Blink             |       |       |     2 |     4 ||     6
         Dazzling Flash    |       |       |     2 |     1 ||     3
         Flame Wave        |       |       |     4 |     1 ||     5
 Invoke: Curse Item        |       |       |       |     1 ||     1
  Evoke: Wand              |       |       |     3 |     3 ||     6
    Use: Potion            |       |     1 |     7 |     8 ||    16
         Scroll            |       |       |     4 |     1 ||     5
 Armour: Robe              |     1 |     7 |    29 |    30 ||    67
  Dodge: Dodged            |     4 |    12 |    72 |    31 ||   119
